 Dungeon Crawl Stone Soup version 0.29-a0-1016-g236c7fd91e (webtiles) character file.

Game seed: 3590990211739139556

51 gelatine the Grave Robber (level 3, -3/24 HPs)
             Began as a Demonspawn Necromancer on Aug 9, 2022.
             Slain by a gnoll
             ... wielding a +0 halberd
              (17 damage)
             ... on level 2 of the Dungeon.
             The game lasted 00:04:01 (1741 turns).

gelatine the Grave Robber (Demonspawn Necromancer)  Turns: 1741, Time: 00:04:01

Health: -3/24      AC:  3    Str:  8    XL:     3   Next: 57%
Magic:  0/7        EV: 12    Int: 18    God:
Gold:   106        SH:  0    Dex: 13    Spells: 6/7 levels left

rFire   . . .      SeeInvis .   f - +0 dagger
rCold   . . .      Faith    .   (no shield)
rNeg    + . .      Spirit   .   a - +0 robe
rPois   .          Reflect  .   (no helmet)
rElec   .          Harm     .   (no cloak)
rCorr   .          Rampage  .   (no gloves)
Will    .....                   j - +0 pair of boots
Stlth   ++........              (no amulet)
HPRegen 0.08/turn               c - ring of positive energy
MPRegen 0.10/turn               (no ring)

@: no status effects
A: foul stench 1, weakness stinger 1
a: no special abilities


You were on level 2 of the Dungeon.
You visited 1 branch of the dungeon, and saw 2 of its levels.

You collected 106 gold pieces.

Inventory:

Hand Weapons
 f - a +0 dagger (weapon)
Armour
 a - a +0 robe (worn)
 j - a +0 pair of boots (worn)
Jewellery
 c - a ring of positive energy (left hand)
Scrolls
 e - a scroll of summoning {unknown}
 g - a scroll of fear {unknown}
 h - a scroll of teleportation {unknown}
 m - a scroll of noise {unknown}
 n - a scroll of identify {unknown}
Potions
 b - a potion of magic
 d - 2 potions of curing {unknown}
 i - 2 potions of degeneration {unknown}
 k - a potion of attraction {unknown}
 l - a potion of lignification {unknown}


   Skills:
 + Level 1.8 Dodging
 + Level 1.8 Stealth
 + Level 2.9 Spellcasting
 + Level 5.2 Necromancy


You had 6 spell levels left.
You knew the following spells:

 Your Spells              Type           Power      Damage    Failure   Level
a - Necrotise             Necr           84%        1d8       1%          1

Your spell library contained the following spells:

 Spells                   Type           Power      Damage    Failure   Level
 Vampiric Draining        Necr           21%        2d7       6%          3
 Slow                     Hex            8%         N/A       17%         1
 Sting                    Tmut/Pois      8%         1d3       17%         1
 Animate Dead             Necr           21%        N/A       19%         4
 Poisonous Vapours        Pois/Air       4%         N/A       26%         2
 Confusing Touch          Hex            2%         N/A       45%         3
 Agony                    Necr           21%        N/A       47%         5
 Olgreb's Toxic Radiance  Pois           2%         N/A       86%         4


Dungeon Overview and Level Annotations

Branches:
Dungeon (2/15)

Altars:

Shops:
D:2 [


Innate Abilities, Weirdness & Mutations

You may rarely emit foul miasma when damaged in melee.
You have a small tail.


Message History

Your gnoll skeleton hits the gnoll.
Casting: Necrotise (safe; 2% risk of failure)
Confirm with . or Enter, or press ? or * to list all spells.
You don't have enough magic to cast this spell.
Unknown command.
Casting: Necrotise (safe; 2% risk of failure)
Confirm with . or Enter, or press ? or * to list all spells.
You don't know that spell.
The gnoll hits your gnoll skeleton with a +0 spear.
Your gnoll skeleton hits the gnoll.
The gnoll hits your gnoll skeleton with a +0 spear!
Your gnoll skeleton is destroyed!
Casting: Necrotise (safe; 2% risk of failure)
Confirm with . or Enter, or press ? or * to list all spells.
Aiming: Necrotise (safe; 2% risk of failure)
Press: ? - help, Shift-Dir - straight line, f/p - gnoll
Aim: a gnoll, wielding a +0 spear (almost dead, chance to affect: 84%)
The gnoll writhes in agony.
Casting: Necrotise (safe; 2% risk of failure)
Confirm with . or Enter, or press ? or * to list all spells.
Aiming: Necrotise (safe; 2% risk of failure)
Press: ? - help, Shift-Dir - straight line, f/p - gnoll
Aim: a gnoll, wielding a +0 spear (almost dead, chance to affect: 84%)
The gnoll writhes in agony.
You kill the gnoll!
The dead are walking!
Your gnoll skeleton hits the gnoll but does no damage.
The gnoll hits your gnoll skeleton with a +0 halberd.
The gnoll hits your gnoll skeleton with a +0 halberd!
Your gnoll skeleton is destroyed!
You see here a +0 whip.
Casting: Necrotise (safe; 1% risk of failure)
Confirm with . or Enter, or press ? or * to list all spells.
Aiming: Necrotise (safe; 1% risk of failure)
Press: ? - help, Shift-Dir - straight line, f - gnoll
Aim: a gnoll, wielding a +0 halberd (chance to affect: 85%)
The gnoll writhes in agony.
The gnoll hits you with a +0 halberd!
Ouch! That really hurt!
You die...

##.................'.
#..................##
#.##..###.#.......##
#.###.# #.##.....##
#.##..###.###...##
#.......).# ##'##
####.###### #.# #.#
#.# #@# ##.## #g#
##...#####
##.#######.........
#....g..###...#.###
#.###.).........# #.#
###.####.####
#.#####.# #.#
#..)g...# #.#
######### #.#


You could see a gnoll.

Vanquished Creatures
  2 gnolls (D:2)
  2 worms (D:2)
  A ball python (D:1)
  4 endoplasms
  2 giant cockroaches (D:2)
  4 goblins (D:1)
  A hobgoblin (D:2)
  2 quokkas (D:2)
  A bat (D:2)
  3 frilled lizards
  A kobold (D:2)
  A rat (D:2)
24 creatures vanquished.

Notes
Turn   | Place    | Note
-------+----------+-------------------------------------------
     0 | D:1      | gelatine the Demonspawn Necromancer began the quest for the
                  | Orb.
     0 | D:1      | Reached XP level 1. HP: 13/13 MP: 3/3
   322 | D:1      | Found a faded altar of an unknown god.
   416 | D:1      | Discovered your monstrous ancestry.
   416 | D:1      | Gained mutation: You have a small tail. [demonic ancestry]
   416 | D:1      | Reached XP level 2. HP: 19/19 MP: 1/5
  1412 | D:2      | Found Woewkex's Armour Shop.
  1454 | D:2      | Gained mutation: You may rarely emit foul miasma when
                  | damaged in melee. [demonic ancestry]
  1454 | D:2      | Reached XP level 3. HP: 24/24 MP: 3/6
  1492 | D:2      | Reached skill level 5 in Necromancy
  1741 | D:2      | Slain by a gnoll

Illustrated notes

Levels and vault maps discovered:
D:1:      dpeg_arrival_water_temple_mockup, layout_basic,
          hellmonk_ecumenical_altar_arch_garden
D:2:      layout_loops_corners, serial_shops, shop, minmay_tree_intersection

Skill      XL: |  1  2  3 |
---------------+----------+-----
Necromancy     | 5 |  5.2
Dodging        | |  1.8
Stealth        | |  1.8
Spellcasting   | |  2.9

Action                   || total
-------------------------++-------
Melee: Dagger            ||     9
       Tailslap          ||     3
 Cast: Necrotise         ||    53
Armor: Robe              ||     2
Dodge: Dodged            ||    11

Table legend: (Time is in decaauts)
 A = Elapsed time spent in this place.
 B = Non-inter-level travel time spent in this place.
 C = Inter-level travel time spent in this place.
 D = Time resting spent in this place.
 E = Time spent auto-exploring this place.
 F = Levels seen in this place.
 G = Mean time per level.
                   A        B        C        D        E       F      G
               +--------+--------+--------+--------+--------+-----+--------+
         Total |   1739 |   1714 |     25 |      0 |   1474 |   2 |  869.5 |
       Dungeon |   1739 |   1714 |     25 |      0 |   1474 |   2 |  869.5 |
               +--------+--------+--------+--------+--------+-----+--------+

Top non-repeatable levels by time:
     D:1: 912 daAuts
     D:2: 827 daAuts
